 Dungeon Crawl Stone Soup version 0.30-a0-134-gb40fab5c76 (webtiles) character file.

Game seed: 467839056515543456

32 Ofeo the Vexing (level 3, 26/26 HPs)
             Began as a Demonspawn Hexslinger on Sept 19, 2022.
             Quit the game on level 2 of the Dungeon.
             The game lasted 00:00:33 (1299 turns).

Ofeo the Vexing (Demonspawn Hexslinger)             Turns: 1299, Time: 00:00:34

Health: 26/26      AC:  3    Str: 10    XL:     3   Next: 8%
Magic:  5/5        EV: 12    Int: 14    God:
Gold:   81         SH:  0    Dex: 15    Spells: 3/4 levels left

rFire   . . .      SeeInvis .    a - +1 sling
rCold   . . .      Faith    .    (no shield)
rNeg    . . .      Spirit   .    c - +0 robe
rPois   .          Reflect  .    (no helmet)
rElec   .          Harm     .    l - +0 cloak
rCorr   .          Rampage  .    (no gloves)
Will    .....                    (no boots)
Stlth   +.........               (no amulet)
HPRegen 0.08/turn                (no ring)
MPRegen 0.09/turn                (no ring)

@: no status effects
A: demonic guardian 1, powered by pain 1
a: no special abilities


You were on level 2 of the Dungeon.
You visited 1 branch of the dungeon, and saw 2 of its levels.

You collected 81 gold pieces.

Inventory:

Hand Weapons
 a - a +1 sling (weapon)
Armour
 c - a +0 robe (worn)
 l - a +0 cloak (worn)
Scrolls
 b - a scroll of poison
 d - 2 scrolls of identify {unknown}
 f - a scroll of enchant armour {unknown}
 g - a scroll of immolation {unknown}
 h - a scroll of fear {unknown}
 k - a scroll of teleportation {unknown}
Potions
 e - 2 potions of berserk rage {unknown}
 i - a potion of degeneration {unknown}
 j - a potion of lignification {unknown}


   Skills:
 + Level 1.5 Fighting
 + Level 2.1 Ranged Weapons
 + Level 2.1 Dodging
 + Level 1.4 Spellcasting
 + Level 3.2 Hexes


You had 3 spell levels left.
You knew the following spells:

 Your Spells              Type           Power      Damage    Failure   Level
a - Slow                  Hex            40%        N/A       7%          1

Your spell library contained the following spells:

 Spells                   Type           Power      Damage    Failure   Level
 Inner Flame              Hex/Fire       5%         N/A       36%         3
 Portal Projectile        Hex/Tloc       10%        N/A       36%         3
 Cause Fear               Hex            5%         N/A       54%         4


Dungeon Overview and Level Annotations

Branches:
Dungeon (2/15)

Altars:


Innate Abilities, Weirdness & Mutations

A weak demonic guardian rushes to your aid.
You sometimes gain a little power by taking damage.


Message History

Done exploring.
No target in view!
Done exploring.
No target in view!
No target in view!
Done exploring.
Search for what [? for help]? .
You see here a +0 cloak.
l - a +0 cloak You start putting on your armour.
You continue putting on your +0 cloak. x4
You finish putting on your +0 cloak.
(D) Dungeon
Where to? (Enter - D:1 @ (x,y), ? - help)
There is a stone staircase leading down here.
You climb downwards.
There is a stone staircase leading up here.
There is a stone staircase leading up here.
You now have 81 gold pieces (gained 10).
An adder comes into view.
An adder is nearby!
You shoot a sling bullet. The sling bullet hits the adder.
The adder hisses angrily.
The adder is lightly wounded.
An adder is nearby!
You shoot a sling bullet. The sling bullet misses the adder.
An adder is nearby!
You shoot a sling bullet.
The sling bullet barely misses the adder.
You shoot a sling bullet. The sling bullet hits the adder.
The adder is severely wounded.
The adder bites you but does no damage.
You shoot a sling bullet. The sling bullet hits the adder.
You kill the adder!
You have reached level 3!
Your experience leads to an increase in your attributes!
Increase (s)trength, (i)ntelligence, or (d)exterity?
You feel agile. x2; Your demonic ancestry asserts itself...
You feel the presence of a demonic guardian.
Health restored: 26; MP restored: 5 Are you sure you want to abandon this character and quit the game? (Confirm with "yes".)

#.# #.# #.#
########.#
#......#.#
#.####.#.#
#.....<#.#
########.#.#
..........@##.##
########...†......
..............####
###############


There were no monsters in sight!

Vanquished Creatures
  An adder (D:2)
  A dart slug (D:1)
  An endoplasm (D:1)
  A giant cockroach (D:1)
  3 goblins (D:1)
  2 quokkas (D:1)
  5 ball pythons (D:1)
  3 kobolds (D:1)
  3 rats (D:1)
20 creatures vanquished.

Notes
Turn   | Place    | Note
-------+----------+-------------------------------------------
     0 | D:1      | Ofeo the Demonspawn Hexslinger began the quest for the Orb.
     0 | D:1      | Reached XP level 1. HP: 15/15 MP: 2/2
   552 | D:1      | Gained mutation: You sometimes gain a little power by
                  | taking damage. [demonic ancestry]
   552 | D:1      | Reached XP level 2. HP: 18/21 MP: 3/3
   959 | D:1      | Found a faded altar of an unknown god.
  1299 | D:2      | Gained mutation: A weak demonic guardian rushes to your
                  | aid. [demonic ancestry]
  1299 | D:2      | Reached XP level 3. HP: 26/26 MP: 5/5
  1299 | D:2      | Quit the game

Illustrated notes

Levels and vault maps discovered:
D:1:      dpeg_arrival_arbitrary_c, layout_basic,
          nicolae_ecumenical_snake_handling
D:2:      layout_basic, serial_shops, nicolae_shop_behind_doors

Skill      XL: |  1  2 |
---------------+-------+-----
Ranged Weapons | 2 |  2.1
Dodging        | 2 |  2.1
Fighting       | |  1.5
Spellcasting   | |  1.4
Hexes          | |  3.2

Action                   || total
-------------------------++-------
 Fire: Sling             ||    50
Armor: Robe              ||     2
Dodge: Dodged            ||     5

Table legend: (Time is in decaauts)
 A = Elapsed time spent in this place.
 B = Non-inter-level travel time spent in this place.
 C = Inter-level travel time spent in this place.
 D = Time resting spent in this place.
 E = Time spent auto-exploring this place.
 F = Levels seen in this place.
 G = Mean time per level.
                   A        B        C        D        E       F      G
               +--------+--------+--------+--------+--------+-----+--------+
         Total |   1314 |   1285 |     29 |      0 |   1179 |   2 |  657.0 |
       Dungeon |   1314 |   1285 |     29 |      0 |   1179 |   2 |  657.0 |
               +--------+--------+--------+--------+--------+-----+--------+

Top non-repeatable levels by time:
     D:1: 1287 daAuts
     D:2: 26 daAuts
